 Dungeon Crawl Stone Soup version 0.31-a0-532-g28f74ba3e5 (webtiles) character file.

Game seed: 10396245437158219678

1222 Shayle the Ogre Mage (level 8, 0/70 HPs)
             Began as an Ogre Shapeshifter on Aug 13, 2023.
             Was an Initiate of Ashenzari.
             Succumbed to a water moccasin's poison
             ... on level 5 of the Dungeon.
             The game lasted 00:12:11 (5241 turns).

Shayle the Ogre Mage (Ogre Shapeshifter)            Turns: 5241, Time: 00:12:11

Health: 0/70       AC:  3    Str: 20    XL:     8   Next: 47%
Magic:  17/17      EV:  9    Int: 11    God:    Ashenzari [......]
Gold:   240        SH:  0    Dex:  9    Spells: 16/19 levels left

rFire   . .          .
                       - Unarmed
rCold   . . .        (no shield)
rNeg    . . .        a - +0 animal skin
rPois   .            (helmet currently unavailable)
rElec   .            (cloak currently unavailable)
rCorr   .            (gloves unavailable)
SInv    +            (boots unavailable)
Will    .....        (no amulet)
Stlth   +            j - ring "Eternal With Me" {SInv, Dev, Comp} (curse)
HPRegen 0.31/turn    (no ring)
MPRegen 0.15/turn

%: no passive effects
@: lethally poisoned (0 -> -22), beast-form
A: beast (slay +2), large, unfitting armour, tough skin 1
a: Begin Untransformation, Renounce Religion, Shatter the Chains


You were on level 5 of the Dungeon.
You worshipped Ashenzari.
Ashenzari was noncommittal.
You were a hulking beast.
You visited 2 branches of the dungeon, and saw 7 of its levels.
You also visited: Sewer.

You collected 240 gold pieces.

Inventory:

Hand Weapons
 b - a +0 bardiche
 q - a +0 scimitar
 t - a +2 flail of protection
 x - a +0 giant spiked club
Missiles
 n - a throwing net
Armour
 a - a +0 animal skin (worn)
Jewellery
 j - the cursed ring "Eternal With Me" (left hand) {SInv, Dev, Comp}
   (You found it on level 1 of the Dungeon)

   [ring of see invisible]

   SInv:      It lets you see invisible.
   It has a curse which improves the following skills: Devices: Evocations and
   Shapeshifting.
   Companions: Summonings and Necromancy.
Talismans
 c - a beast talisman (active)
 d - a flux talisman
Wands
 w - a wand of flame (19)
Scrolls
 f - a scroll of enchant armour {unknown}
 g - a scroll of identify
 i - 3 scrolls of teleportation {unknown}
 l - 2 scrolls of enchant weapon {unknown}
 m - a scroll of immolation {unknown}
 u - a scroll of fog {unknown}
Potions
 e - a potion of might {unknown}
 h - 2 potions of brilliance
 k - a potion of heal wounds
 o - 2 potions of attraction {unknown}
 p - a potion of berserk rage {unknown}
 s - a potion of degeneration {unknown}
 v - a potion of invisibility {unknown}
 z - a potion of lignification


   Skills:
 - Level 1.3 Fighting
 - Level 1.7 Dodging
 + Level 6.0 Unarmed Combat
 + Level 6.2 Spellcasting
 + Level 2.0 Conjurations
 + Level 1.2(1.4) Summonings
 + Level 1.1(1.4) Necromancy
 + Level 2.0 Air Magic
 + Level 2.0 Poison Magic
 + Level 3.2(3.6) Shapeshifting


You had 16 spell levels left.
You knew the following spells:

 Your Spells              Type           Power      Damage    Failure   Level
a - Mephitic Cloud        Conj/Pois/Air  7%         N/A       24%         3

Your spell library contained the following spells:

 Spells                   Type           Power      Damage    Failure   Level
 Magic Dart               Conj           32%        1d4       9%          1
 Call Imp                 Summ           12%        N/A       16%         2
 Wereblood                Tmut           3%         N/A       28%         2
 Summon Ice Beast         Ice/Summ       5%         N/A       80%         4
 Irradiate                Conj/Tmut      2%         3d12      98%         5
 Summon Mana Viper        Hex/Summ       5%         N/A       98%         5
 Monstrous Menagerie      Summ           3%         N/A       100%        7


Dungeon Overview and Level Annotations

Branches:
Dungeon (6/15)             Temple (1/1) D:4           Sewer (visited)

Altars:
Ashenzari
Cheibriados
Dithmenos
Elyvilon
Gozag
Hepliaklqana
Kikubaaqudgha
Makhleb
Nemelex Xobeh
Qazlal
Ru
Sif Muna
Trog
Uskayaw
Vehumet
Wu Jian
Yredelemnul
Zin
The Shining One

Shops:
D:2 :

Annotations:
D:3 2 transporters, bobarctor's ghost, amateur DsMo
D:6 Eustachio


Innate Abilities, Weirdness & Mutations

You are a hulking beast.
Your limbs bulge with bestial killing power. (Slay +2)
You are too large for most types of armour.
You have tough skin. (AC +1)


Message History

You hit the water moccasin.
The water moccasin is heavily wounded.
You feel very sick. The water moccasin bites you.
The water moccasin closely misses you.
You barely miss the water moccasin.
The water moccasin is heavily wounded.
You feel sick. The water moccasin bites you.
You hit the water moccasin.
The water moccasin is heavily wounded.
You feel sick. The water moccasin closely misses you.
You barely miss the water moccasin.
The water moccasin is heavily wounded.
You feel sick.
The water moccasin completely misses you.
You miss the water moccasin.
The water moccasin is heavily wounded.
You feel sick. The water moccasin bites you.
You are more poisoned.
The water moccasin poisons you!
You hit the water moccasin.
The water moccasin is severely wounded.
You feel very sick. The water moccasin bites you!
You are lethally poisoned!
The water moccasin poisons you! The water moccasin closely misses you.
You hit the water moccasin but do no damage.
The water moccasin is severely wounded.
* * * LOW HITPOINT WARNING * * *
You feel extremely sick. The water moccasin bites you.
* * * LOW HITPOINT WARNING * * *
You miss the water moccasin.
The water moccasin is heavily wounded.
* * * LOW HITPOINT WARNING * * *
You feel very sick. The water moccasin bites you!
* * * LOW HITPOINT WARNING * * *
You closely miss the water moccasin.
The water moccasin is heavily wounded.
You die...

###.## ##.....###.#
#...#.# ##...##
##...## #.# #.###.# #
#.....# ##'##
#.###.###.### #.....#
#.# #.........##.
#.....# #.#
#####.######.
##...######.##### #.#
#. ##.##..........#
#.# ##
#.##.#...).S..# #.# #
#.##.##...h...# #.#
#.##.##.#..#.######.#
#.......#..#........#
####.####..##########
#.......# ######.##
#.# #.# ####### #.#


You could see a water moccasin.

Vanquished Creatures
  Edmund (D:4)
  2 water moccasins
  2 ogres (D:5)
  A phantom (D:4)
  2 scorpions
  A howler monkey (D:5)
  A gnoll bouda (D:5)
  A hound (D:4)
  A jelly (D:5)
  A sleepcap (D:3)
  Natasha (thrice) (D:2)
  2 iguanas
  Robin (D:4)
  8 gnolls
  6 adders
  A river rat (D:3)
  A white imp (D:5)
  An ufetubus (D:5)
  2 worms (D:2)
  2 dart slugs (D:4)
  2 orcs (D:5)
  9 bats
  7 endoplasms
  5 giant cockroaches
  10 goblins
  5 hobgoblins
  3 jackals (Sewer)
  6 quokkas
  5 ball pythons
  2 frilled lizards (D:1)
  11 kobolds
  6 rats
111 creatures vanquished.

Notes
Turn   | Place    | Note
-------+----------+-------------------------------------------
     0 | D:1      | Shayle the Ogre Shapeshifter began the quest for the Orb.
     0 | D:1      | Reached XP level 1. HP: 19/19 MP: 1/1
   139 | D:1      | Reached skill level 1 in Spellcasting
   139 | D:1      | Reached XP level 2. HP: 27/27 MP: 3/3
   343 | D:1      | Found a faded altar of an unknown god.
   502 | D:1      | Reached XP level 3. HP: 33/33 MP: 5/5
   770 | D:2      | Found Vecvyp's Book Emporium.
  1026 | D:2      | Noticed Natasha
  1032 | D:2      | Killed Natasha
  1033 | D:2      | Reached XP level 4. HP: 28/41 MP: 7/7
  1084 | D:2      | Noticed Natasha
  1095 | D:2      | Killed Natasha
  1259 | D:2      | Noticed Natasha
  1268 | D:2      | Killed Natasha
  1273 | D:2      | Reached XP level 5. HP: 21/48 MP: 9/9
  2085 | D:3      | Found a glowing drain.
  2095 | Sewer    | Entered a sewer
  2161 | Sewer    | Noticed a water moccasin
  2176 | Sewer    | Killed a water moccasin
  2177 | Sewer    | Reached XP level 6. HP: 55/55 MP: 10/12
  2410 | D:3      | Found a transporter.
  2410 | D:3      | Noticed bobarctor's ghost (amateur DsMo)
  2426 | D:3      | Found a transporter.
  2783 | D:4      | Reached skill level 5 in Unarmed Combat
  2789 | D:4      | Reached skill level 5 in Spellcasting
  2862 | D:4      | Reached XP level 7. HP: 59/62 MP: 14/14
  3139 | D:4      | Noticed Robin
  3169 | D:4      | Learned a level 3 spell: Mephitic Cloud
  3190 | D:4      | Found a staircase to the Ecumenical Temple.
  3203 | Temple   | Entered the Ecumenical Temple
  3212 | Temple   | Became a worshipper of Ashenzari the Shackled
  3383 | D:4      | Killed Robin
  3683 | D:4      | Noticed Edmund
  3707 | D:4      | Killed Edmund
  3817 | D:4      | Found a faded altar of an unknown god.
  3819 | D:4      | Found a faded altar of an unknown god.
  3819 | D:4      | Found a hazy altar of Hepliaklqana.
  3953 | D:4      | Reached skill level 1 in Conjurations
  3953 | D:4      | Reached skill level 1 in Air Magic
  3953 | D:4      | Reached skill level 1 in Poison Magic
  4004 | D:5      | Entered Level 5 of the Dungeon
  4651 | D:5      | Reached XP level 8. HP: 70/70 MP: 15/17
  4685 | D:5      | Reached skill level 1 in Summonings
  4685 | D:5      | Reached skill level 1 in Necromancy
  5080 | D:6      | Noticed Eustachio
  5241 | D:5      | Succumbed to a water moccasin's poison

Illustrated notes

Levels and vault maps discovered:
D:1:      spicycebolla_arrival_xxxplode, layout_basic,
          hellmonk_ecumenical_altar_crossroads
D:2:      layout_loops_ring, serial_shops, nicolae_shop_advertising_works
          [nicolae_subvault_shop_adworks], serial_forest,
          infiniplex_forest_straight_5, infiniplex_forest_straight_2,
          infiniplex_forest_clump_large, infiniplex_forest_zigzag_2,
          infiniplex_forest_clump_double, infiniplex_forest_lined_2,
          infiniplex_forest_lined_3, infiniplex_forest_straight_3, uniq_natasha
D:3:      layout_loops_cross, gammafunk_ghost_arena, gup_sewer_entry_bubbles
D:4:      layout_basic, nicolae_hepliaklqana_ecumenical_no_more,
          minmay_temple_entry_mist, uniq_edmund, uniq_robin
D:5:      layout_loops_corners
D:6:      layout_rooms, nrook_campfire, minmay_statues_item, uniq_grinder,
          uniq_eustachio
Temple:   mainiacjoe_temple_coin_purse

Skill      XL: |  1  2  3  4  5  6  7  8 |
---------------+-------------------------+-----
Spellcasting   | 1 2 3 4 5 6 |  6.2
Unarmed Combat | 3 4 5 6 |  6.0
Conjurations   | 1 2 |  2.0
Air Magic      | 1 2 |  2.0
Poison Magic   | 1 2 |  2.0
Summonings     | 1 |  1.2
Necromancy     | 1 |  1.1
Fighting       | |  1.3
Dodging        | |  1.7
Shapeshifting  | |  3.2

Action                     |  1- 3 |  4- 6 |  7- 9 || total
---------------------------+-------+-------+-------++-------
  Melee: Unarmed           |    70 |   145 |   157 ||   372
         Punch             |     1 |     4 |     4 ||     9
   Cast: Mephitic Cloud    |       |       |     6 ||     6
 Invoke: Curse Item        |       |       |     1 ||     1
  Evoke: Wand              |       |       |     7 ||     7
    Use: Potion            |       |     1 |     4 ||     5
         Scroll            |       |       |     2 ||     2
   Stab: Confused          |       |       |     1 ||     1
 Armour: Animal skin       |    21 |    23 |    22 ||    66
         Skin              |       |    13 |       ||    13
  Dodge: Dodged            |    34 |    51 |    68 ||   153

Table legend: (Time is in decaauts)
 A = Elapsed time spent in this place.
 B = Non-inter-level travel time spent in this place.
 C = Inter-level travel time spent in this place.
 D = Time resting spent in this place.
 E = Time spent auto-exploring this place.
 F = Levels seen in this place.
 G = Mean time per level.
                   A        B        C        D        E       F      G
               +--------+--------+--------+--------+--------+-----+--------+
         Total |   5218 |   5124 |     94 |    772 |   3254 |   8 |  652.2 |
       Dungeon |   5041 |   4947 |     94 |    740 |   3241 |   6 |  840.2 |
        Temple |     18 |     18 |      0 |      0 |      0 |   1 |   18.0 |
         Sewer |    158 |    158 |      0 |     32 |     13 |   1 |  158.0 |
               +--------+--------+--------+--------+--------+-----+--------+

Top non-repeatable levels by time:
     D:4: 1245 daAuts
     D:5: 1214 daAuts
     D:2: 1158 daAuts
     D:3: 736 daAuts
     D:1: 672 daAuts
   Sewer: 158 daAuts
  Temple: 18 daAuts
     D:6: 14 daAuts
